 Dungeon Crawl Stone Soup version 0.27.1-33-g824d729ab1 (webtiles) character file.

Game seed: 13922915400282274723

32 zeram the Sneak (level 3, -3/16 HPs)
             Began as a Spriggan Enchanter on Dec 31, 2021.
             Killed by nerve-wracking pain
             ... invoked by Jessica
              (10 damage)
             ... on level 2 of the Dungeon.
             The game lasted 00:02:49 (1951 turns).

zeram the Sneak (Spriggan Enchanter)                Turns: 1951, Time: 00:02:50

Health: -3/16      AC:  2    Str:  4    XL:     3   Next: 10%
Magic:  8/8        EV: 17    Int: 17    God:
Gold:   82         SH:  0    Dex: 15    Spells: 5/8 levels left

rFire    . . .     SeeInvis +   c - +1 dagger (vamp)
rCold    . . .     Faith    .   (shield restricted)
rNeg     . . .     Spirit   .   b - +0 robe
rPois    .         Reflect  .   (helmet restricted)
rElec    .         Harm     .   (no cloak)
rCorr    .         Rampage  .   (gloves unavailable)
Will     .....                  (boots unavailable)
Stlth    +++.......             (no amulet)
HPRegen  0.05/turn              (no ring)
MPRegen  0.11/turn              (no ring)

@: very quick
A: very small, no large weapons, unfitting armour, see invisible, speed 3
a: no special abilities


You were on level 2 of the Dungeon.
You visited 1 branch of the dungeon, and saw 2 of its levels.

You collected 82 gold pieces.

Inventory:

Hand Weapons
 a - a +1 dagger
 c - a +1 vampiric dagger (weapon)
Armour
 b - a +0 robe (worn)
Wands
 f - a wand of flame (25)
Scrolls
 d - a scroll of enchant weapon {unknown}
 g - a scroll of fog {unknown}
Potions
 e - a potion of cancellation {unknown}
 h - a potion of invisibility {unknown}


   Skills:
 + Level 1.6 Short Blades
 + Level 3.1 Dodging
 + Level 5.1 Stealth
 + Level 3.0 Spellcasting
 + Level 4.0 Hexes


You had 5 spell levels left.
You knew the following spells:

 Your Spells              Type           Power      Damage    Failure   Level
a - Corona                Hex            17%        N/A       3%          1
b - Ensorcelled Hibernat  Hex/Ice        18%        N/A       12%         2

Your spell library contained the following spells:

 Spells                   Type           Power      Damage    Failure   Level
 Confusing Touch          Hex            16%        N/A       10%         3
 Tukima's Dance           Hex            16%        N/A       10%         3
 Dazzling Flash           Conj/Hex       18%        N/A       22%         3


Dungeon Overview and Level Annotations

Branches:
Dungeon (2/15)

Altars:
Wu Jian

Shops:
D:2 (

Annotations:
D:2 Jessica


Innate Abilities, Weirdness & Mutations

You are very small and have problems with some larger weapons.
You are too small for most types of armour.
You have supernaturally acute eyesight. (SInv)
You cover ground extremely quickly. (Speed+++)


Message History

No target in view!
No target in view!
No target in view!
No target in view!
No target in view!
No target in view!
No target in view!
No target in view!
No target in view!
No target in view!
You now have 68 gold pieces (gained 15).
h - a lumpy black potion An endoplasm comes into view.
An endoplasm is nearby!
An endoplasm is nearby!
An endoplasm is nearby!
Found 14 gold pieces.
The helpless endoplasm fails to defend itself.
You impale the endoplasm!!
You kill the endoplasm!
No target in view!
You now have 82 gold pieces (gained 14).
Found a scroll labelled LUQEGO OLAAB.
A frilled lizard and Jessica come into view.
There are monsters nearby!
There are monsters nearby!
There are monsters nearby!
Jessica shouts!
Jessica shouts, "Stop bothering me, or I'll kill you!"
The frilled lizard hisses angrily.
Jessica gestures at you while chanting. Pain shoots through your body!
Ouch! That really hurt!
You are too injured to fight recklessly!
You are too injured to fight recklessly!
Unknown command.
Jessica points at you and mumbles some strange words.
Pain shoots through your body!
Ouch! That really hurt!
You die...

.#.######..#..# .......#...
.#.....# ..#.>. .......+...
.#.###.# ..#.### ........#...
.#.###.# ..#.#.. ........#...
'#....♣♣ ......@ #........###.
.......♣ ..?.l..## #### ##
.................# #
.♣..........♣....# #
♣♣..........♣♣..@# ####
.................######### #...
.........................#####...
.....####........................
....## #.......................
....# #......♣#######.........
....# #...).♣♣ #......... ....##
##......♣# #.........
.....####........################


You could see Jessica and a frilled lizard.

Vanquished Creatures
  A dart slug (D:1)
  4 ball pythons
  3 endoplasms
  3 goblins (D:1)
  A hobgoblin (D:2)
  7 kobolds
  3 bats
  2 frilled lizards
  6 rats
30 creatures vanquished.

Notes
Turn   | Place    | Note
-------+----------+-------------------------------------------
     0 | D:1      | zeram the Spriggan Enchanter began the quest for the Orb.
     0 | D:1      | Reached XP level 1. HP: 9/9 MP: 5/5
   434 | D:1      | Reached XP level 2. HP: 13/13 MP: 6/6
   472 | D:1      | Found a faded altar of an unknown god.
   895 | D:1      | Learned a level 2 spell: Ensorcelled Hibernation
  1523 | D:2      | Found Tirais's Weapon Emporium.
  1736 | D:2      | Reached skill level 5 in Stealth
  1773 | D:2      | Reached XP level 3. HP: 16/16 MP: 8/8
  1856 | D:2      | Found an ornate altar of the Wu Jian Council.
  1945 | D:2      | Noticed Jessica
  1951 | D:2      | Killed from afar by Jessica

Illustrated notes

Levels and vault maps discovered:
D:1:      nzn_arrival_water_spiral, layout_basic,
          dreamdust_ecumenical_altar_statues
D:2:      layout_basic, serial_shops, nicolae_shop_waterfront, basic_altar,
          kennysheep_decorative_pillar, uniq_jessica

Skill      XL: |  1  2 |
---------------+-------+-----
Spellcasting   | 3 |  3.0
Hexes          | 4 |  4.0
Dodging        | 3 |  3.1
Stealth        | 5 |  5.1
Short Blades   | |  1.6

Action                   || total
-------------------------++-------
Melee: Dagger            ||   122
 Cast: Ensorcelled Hiber ||     1
       Corona            ||     1
 Stab: Sleeping          ||    12
Armor: Robe              ||     8
Dodge: Dodged            ||    93
